 Dungeon Crawl Stone Soup version bcrawl-1.41.1 (webtiles) character file.

Game seed: 13203309681963533727

133587 Grimmash the Sneak (level 5, 36/39 HPs)
             Began as a Formicid Archaeologist on Apr 18, 2024.
             Quit the game on level 3 of the Dungeon.
             The game lasted 00:02:00 (2035 turns).

Grimmash the Sneak (Formicid Archaeologist)         Turns: 2035, Time: 00:02:00

Health: 36/39      AC:  8    Str: 16    XL:     5   Next: 5%
Magic:  5/5        EV: 10    Int: 14    God:
Gold:   159        SH:  0    Dex:  9    Spells: 4/4 levels left

rFire    . . .     GDR:     22% a - +0 whip
rCold    . . .     SeeInvis +   (no shield)
rNeg     . . .     Gourm    .   p - +0 scale mail (curse)
rPois    .         Faith    .   (helmet unavailable)
rElec    .         Spirit   .   (no cloak)
rCorr    .         Reflect  .   (no gloves)
MR       .....                  d - +1 pair of boots
Stlth    +.........             (no amulet)
HPRegen  0.16/turn              (no ring)
MPRegen  0.09/turn              (no ring)

@: no status effects
A: permanent stasis, dig shafts and tunnels, four strong arms, antennae 3
a: Dig, Shaft Self


You were on level 3 of the Dungeon.
You were hungry.

You visited 1 branch of the dungeon, and saw 3 of its levels.

You collected 159 gold pieces.

Inventory:

Hand Weapons
 a - a +0 whip (weapon)
 b - a +0 hunting sling
 c - a +0 blowgun
Missiles
 h - 5 curare-tipped needles
 s - 731 sling bullets
Armour
 d - a +1 pair of boots (worn)
 p - a cursed +0 scale mail (worn)
 v - a +0 chain mail
Scrolls
 f - a scroll of revelation
 i - 2 scrolls of identify
 k - 2 scrolls of teleportation {unknown}
 l - a scroll of fear {unknown}
 m - a scroll of immolation {unknown}
 o - a scroll of amnesia {unknown}
 q - a scroll of enchant armour {unknown}
 r - a scroll of noise {unknown}
Potions
 j - a potion of invisibility {unknown}
 n - a potion of haste {unknown}
 t - a potion of curing {unknown}
 u - a potion of resistance {unknown}
 w - a potion of ambrosia {unknown}
 x - a potion of lignification {unknown}
 z - 2 potions of brilliance {unknown}
Comestibles
 e - 7 rations {!d}


   Skills:
 * Level 2.3 Fighting
 * Level 1.9 Maces & Flails
 + Level 1.4 Slings
 * Level 1.2 Armour
 * Level 3.3 Dodging
 + Level 4.4 Stealth


You had 4 spell levels left.
You didn't know any spells.
Your spell library was empty.

Dungeon Overview and Level Annotations

Branches:
Dungeon (3/12)

Altars:


Innate Abilities, Weirdness & Mutations

You cannot be hasted, slowed, berserked, paralysed or teleported.
You can dig through walls and to a lower floor.
Your four strong arms can wield two-handed weapons with a shield.
You have a pair of large antennae on your head. (SInv)


Message History

The scorpion barely misses you.
You hit the scorpion.
You kill the scorpion!
Your Slings skill increases to level 1!
Your Armour skill increases to level 1!
You have reached level 5!
You're now able to understand the dusty tome!
Part of it contains a powerful arcane formula!
Most of the book is about a legendary artefact.
It claims this artefact weakened the barrier between dimensions, allowing demons to enter this world and also attracting them somehow.
As you read the scroll of acquirement, it crumbles to dust.
Acquire which item? (Press ! for descriptions.) A: +7 giant spiked club of Tenacity {drain, Int+3} B: +0 pair of gloves of dexterity C: ring "Feodewul" {*Contam +Blink rC+ Str-2 Int+8} D: manual of Slings; E: staff of power; F: wand of paralysis (29); G: 9 rations H: 614 gold pieces Acquire the +7 giant spiked club of Tenacity {drain, Int+3}? (y/n)
Something appears at your feet!
No path to travel!
Are you sure you want to abandon this character and quit the game? (Confirm with "yes".)

#.....### .#
#........ ##.#
#.#......
####...
#........
#.)...###
#....<...
#.....#..
#.#......
#.##.....#.#
#.#......
#......†.#.#
#....####
#...@.#.#
#.####
#.....#.#####.#
#.............#
#....###.######
###### #.# #.#
#.# #.# #.#


There were no monsters in sight!

Vanquished Creatures
  A scorpion (D:3)
  2 oozes
  A worm (D:2)
  5 leopard geckos (D:1)
  An orc (D:2)
  3 goblins (D:1)
  8 hobgoblins
  2 jackals (D:2)
  A quokka (D:2)
  A ball python (D:1)
  2 bats
  A frilled lizard (D:2)
  5 kobolds
  A rat (D:1)
34 creatures vanquished.

Notes
Turn   | Place    | Note
-------+----------+-------------------------------------------
     0 | D:1      | Grimmash the Formicid Archaeologist began the quest for the
                  | Orb.
     0 | D:1      | Reached XP level 1. HP: 15/15 MP: 1/1
    55 | D:1      | Reached XP level 2. HP: 20/21 MP: 2/2
   241 | D:1      | Reached XP level 3. HP: 19/26 MP: 3/3
  1654 | D:2      | Reached XP level 4. HP: 33/33 MP: 4/4
  2034 | D:3      | Reached skill level 1 in Slings
  2034 | D:3      | Reached skill level 1 in Armour
  2034 | D:3      | Reached XP level 5. HP: 35/39 MP: 5/5
  2034 | D:3      | Identified a scroll of acquirement
  2034 | D:3      | Identified the +7 giant spiked club of Tenacity {drain,
                  | Int+3} (You acquired it on level 3 of the Dungeon)
  2034 | D:3      | Identified the ring "Feodewul" {*Contam +Blink rC+ Str-2
                  | Int+8} (You acquired it on level 3 of the Dungeon)
  2035 | D:3      | Quit the game

Skill      XL: |  1  2  3  4 |
---------------+-------------+-----
Dodging        | 3 |  3.3
Fighting       | 2 |  2.3
Slings         | 1 |  1.4
Armour         | 1 |  1.2
Maces & Flails | |  1.9
Stealth        | |  4.4

Action                   |  1- 3 |  4- 6 || total
-------------------------+-------+-------++-------
Melee: Whip              |   118 |     1 ||   119
 Fire: Hunting sling     |    20 |    15 ||    35
       Blowgun           |     1 |       ||     1
  Use: Scroll            |     1 |     1 ||     2
 Stab: Sleeping          |     3 |       ||     3
  Eat: Chunk             |     6 |     1 ||     7
Armor: Robe              |    23 |       ||    23
       Scale mail        |    20 |     4 ||    24
Dodge: Dodged            |    70 |     4 ||    74
